 Dungeon Crawl Stone Soup version 0.30.0-19-g36f170ea60 (webtiles) character file.

Game seed: 4542191307016986075

35 Descartes the Scratcher (level 3, 0/15 HPs)
             Began as a Felid Transmuter on May 30, 2023.
             Slain by an orc
             ... wielding a +0 mace
              (7 damage)
             ... on level 1 of the Dungeon.
             The game lasted 00:01:22 (873 turns).

Descartes the Scratcher (Felid Transmuter)           Turns: 873, Time: 00:01:23

Health: 0/15       AC:  1    Str:  8    XL:     3   Next: 16%
Magic:  6/7        EV: 18    Int: 14    God:
Gold:   62         SH:  0    Dex: 16    Spells: 5/6 levels left
                                        Lives:  0   Deaths: 0

rFire   . .          .
                       - Unarmed
rCold   . . .        (shield unavailable)
rNeg    . . .        (body armour unavailable)
rPois   .            (helmet unavailable)
rElec   .            (cloak unavailable)
rCorr   .            (gloves unavailable)
SInv    +            (boots unavailable)
Will    .....        (no amulet)
Stlth   +            (no ring)
HPRegen 0.22/turn    (no ring)
MPRegen 0.10/turn

%: no passive effects
@: appendages (expiring), quick
A: horns 2, very small, claws 1, fangs 3, see invisible, speed 1, shaggy fur 1,
stealthy paws, no weapons or thrown items, no armour, multi-lived
a: End Transformation


You were on level 1 of the Dungeon.
You had temporarily grown beastly horns.
You visited 1 branch of the dungeon, and saw 2 of its levels.

You collected 62 gold pieces.

Inventory:

Scrolls
 b - a scroll of amnesia {unknown}
 e - 2 scrolls of torment {unknown}
 g - a scroll of immolation {unknown}
 h - a scroll of identify {unknown}
Potions
 a - a potion of lignification
 c - 2 potions of haste {unknown}
 d - a potion of attraction {unknown}
 f - a potion of magic {unknown}
 i - a potion of might {unknown}


   Skills:
 + Level 1.5 Fighting
 + Level 3.2 Dodging
 + Level 3.2 Unarmed Combat
 + Level 2.3 Spellcasting
 + Level 0.6 Hexes
 + Level 2.6 Transmutations


You had 5 spell levels left.
You knew the following spells:

 Your Spells              Type           Power      Damage    Failure   Level
a - Beastly Appendage     Tmut           16%        N/A       8%          1

Your spell library contained the following spells:

 Spells                   Type           Power      Damage    Failure   Level
 Wereblood                Tmut           8%         N/A       12%         2
 Slow                     Hex            12%        N/A       19%         1
 Summon Small Mammal      Summ           4%         N/A       24%         1
 Spider Form              Tmut/Pois      5%         N/A       38%         3
 Confusing Touch          Hex            3%         N/A       47%         3
 Summon Guardian Golem    Hex/Summ       2%         N/A       52%         3
 Call Canine Familiar     Summ           1%         N/A       56%         3
 Vampiric Draining        Necr           1%         2d6       56%         3
 Ice Form                 Ice/Tmut       5%         N/A       80%         4


Dungeon Overview and Level Annotations

Branches:
Dungeon (2/15)

Altars:


Innate Abilities, Weirdness & Mutations

You have temporarily grown beastly horns.
You have sharp claws.
You have razor-sharp teeth.
You have supernaturally acute eyesight. (SInv)
You cover ground quickly. (Speed+)
You are covered in fur. (AC +1)
Your paws help you pounce on unaware monsters.
You are incapable of wielding weapons or throwing items.
You cannot wear armour.
You gain extra lives every three experience levels.


Message History

You are too injured to fight recklessly!
You are too injured to fight recklessly!
Unknown command.
Your transformation is almost over.
There is a stone staircase leading up here.
The giant cockroach closely misses you.
You climb upwards.
There is a stone staircase leading down here.
You scratch the giant cockroach.
You kill the giant cockroach!
There is an open door here.
You see here a giant cockroach corpse.
Magic restored.
Your horns disappear.
HP restored.
Done exploring.
There is a stone staircase leading down here.
Casting: Beastly Appendage (safe; 8% risk of failure)
Confirm with . or Enter, or press ? or * to list all spells.
You miscast Beastly Appendage.
You are very lightly contaminated with residual magic.
Nothing appears to happen.
Your magical contamination has completely faded away.
Done exploring.
Casting: Beastly Appendage (safe; 8% risk of failure)
Confirm with . or Enter, or press ? or * to list all spells.
You grow a pair of large bovine horns.
You climb downwards.
The orc barely misses you. The worm barely misses you.
There is a stone staircase leading up here.
The orc hits you with a +0 mace. The worm bites you!
You climb upwards.
There is a stone staircase leading down here.
You are too injured to fight recklessly!
The orc misses you.
There is an open door here.
You see here a giant cockroach corpse.
You barely miss the orc. Your bite misses the orc.
Your transformation is almost over.
The orc hits you with a +0 mace!
You die...

############# ............#
............#
............###################
.......†....##...#............#
#######+#'####.#.#...........[#
#######.#.####.#.#............#
................@ow...........#
...####.#......###............#
...# #.#####..###............#
#..# #...# #......(..........#
#..# ###.# #.##...)..........#
#..# #.# #.................#
#..# #.####..#.............#
'..# #.#..............######
'[.# ##.#.######.......#


You could see a worm and an orc.

Vanquished Creatures
  A dart slug (D:1)
  7 ball pythons (D:1)
  2 bats (D:1)
  3 endoplasms (D:1)
  5 giant cockroaches (D:1)
  A goblin (D:1)
  A hobgoblin (D:1)
  2 quokkas (D:1)
  4 kobolds (D:1)
  A rat (D:1)
27 creatures vanquished.

Notes
Turn   | Place    | Note
-------+----------+-------------------------------------------
     0 | D:1      | Descartes the Felid Transmuter began the quest for the Orb.
     0 | D:1      | Reached XP level 1. HP: 9/9 MP: 4/4
    63 | D:1      | Reached XP level 2. HP: 10/12 MP: 4/6
   541 | D:1      | Reached XP level 3. HP: 15/15 MP: 5/7
   873 | D:1      | Slain by an orc

Illustrated notes

Levels and vault maps discovered:
D:1:      dpeg_arrival_refuge, layout_basic
D:2:      minmay_chambers_of_twos, layout_basic, basic_ecumenical_altar

Skill      XL: |  1  2 |
---------------+-------+-----
Dodging        | 3 |  3.2
Fighting       | |  1.5
Unarmed Combat | |  3.2
Spellcasting   | |  2.3
Hexes          | |  0.6
Transmutations | |  2.6

Action                     || total
---------------------------++-------
  Melee: Unarmed           ||    68
         Headbutt          ||     8
         Bite              ||     4
   Cast: Beastly Appendage ||    15
   Stab: Sleeping          ||     1
 Armour: Skin              ||     2
  Dodge: Dodged            ||    66
